 Dungeon Crawl Stone Soup version 0.22.0 (webtiles) character file.

22 Matudinoluver the Shield-Bearer (level 2, 0/19 HPs)
             Began as a Gargoyle Fighter on Sept 7, 2018.
             Slain by an adder (1 damage)
             ... on level 2 of the Dungeon.
             The game lasted 00:06:12 (1223 turns).

Matudinoluver the Shield-Bearer (Gargoyle Fighter)  Turns: 1223, Time: 00:06:13

Health: 0/19       AC: 10    Str: 21 (24) XL:     2   Next: 91%
Magic:  2/2        EV:  7    Int:  5 (8)  God:
Gold:   46         SH:  9    Dex:  8 (9)  Spells: 0/1 levels left

rFire    . . .     SeeInvis .   a - +0 war axe
rCold    . . .     Gourm    .   c - +0 shield
rNeg     + . .     Faith    .   b - +0 scale mail
rPois    ∞         Spirit   .   (no helmet)
rElec    +         Reflect  .   (no cloak)
rCorr    .         Harm     .   n - +0 pair of gloves
MR       .....                  (no boots)
Stlth    ..........             (no amulet)
HPRegen  0.06/turn              (no ring)
MPRegen  0.08/turn              (no ring)

@: mighty
A: negative energy resistance 1, electricity resistance, unbreathing,
petrification resistance, rot immunity, AC +2
a: no special abilities


You were on level 2 of the Dungeon.
You were not hungry.

You visited 1 branch of the dungeon, and saw 2 of its levels.

You collected 46 gold pieces.

Inventory:

Hand Weapons
 a - a +0 war axe (weapon)
 j - a +0 short sword of freezing
Missiles
 i - 60 stones (quivered)
Armour
 b - a +0 scale mail (worn)
 c - a +0 shield (worn)
 n - a +0 pair of gloves (worn)
Scrolls
 e - a scroll of remove curse
 l - a scroll of fog
 o - a scroll of identify {unknown}
Potions
 k - a potion of haste {unknown}
 m - a potion of flight {unknown}
Comestibles
 f - 2 rations
 g - a chunk of flesh


   Skills:
 + Level 3.6 Fighting
 + Level 2.0 Axes
 + Level 0.1 Throwing
 + Level 3.4 Armour
 + Level 0.1 Dodging
 + Level 3.7 Shields


You couldn't memorise any spells.
You knew the following spells:

 Your Spells              Type           Power        Failure   Level  Hunger
a - Animate Skeleton      Necr           N/A          99%         1    ##.....

Your spell library contained the following spells:

 Spells                   Type           Power        Failure   Level  Hunger
 Apportation              Tloc           #.....       99%         1    ##.....
 Summon Small Mammal      Summ           #...         99%         1    ##.....
 Confusing Touch          Hex            #.....       99%         1    ##.....


Dungeon Overview and Level Annotations

Branches:
Dungeon (2/15)

Altars:


Innate Abilities, Weirdness & Mutations

You are resistant to torment.
Your stone body is resilient. (AC +2)
You are immune to poison.
You resist negative energy. (rN+)
You are resistant to electric shocks. (rElec)
You can survive without breathing.
You are immune to petrification.
You are immune to rotting.


Message History

You miss the adder.
The adder is heavily wounded.
The adder bites you but does no damage. The gnoll barely misses you.
The adder bites you but does no damage.
You barely miss the adder.
The adder is heavily wounded.
You block the adder's attack. The gnoll hits you but does no damage.
You block the adder's attack. The gnoll hits you but does no damage.
You closely miss the adder.
The adder is heavily wounded.
You block the adder's attack.
The gnoll hits you from afar with a spear.
* * * LOW HITPOINT WARNING * * *
The adder bites you.
* * * LOW HITPOINT WARNING * * *
It was a potion of degeneration.
There was something very wrong with that liquid.
You feel weakened.
You feel dopey.
You feel clumsy. You block the gnoll's attack. The adder bites you.
You die...

#...### .# ##.....###
##.. ........ .#.
###...... .. #.......
#.# #.#...... ##.##
.......g#######...####
#....gS@......#....#
#....g#######...##.###..
####### ##.#........
#.....### . ###.#..#.# .
..###...# # ###.#..#.# .
#.....# # #.#.###


You could see 3 gnolls and an adder.

Vanquished Creatures
  A dart slug (D:1)
  A giant cockroach (D:1)
  A goblin (D:1)
  7 hobgoblins
  2 bats
  2 frilled lizards (D:1)
  3 kobolds (D:1)
  A rat (D:2)
18 creatures vanquished.

Notes
Turn   | Place    | Note
-------+----------+-------------------------------------------
     0 | D:1      | Matudinoluver the Gargoyle Fighter began the quest for the Orb.
     0 | D:1      | Reached XP level 1. HP: 14/14 MP: 1/1
   187 | D:1      | Reached XP level 2. HP: 19/19 MP: 2/2
   965 | D:2      | Learned a level 1 spell: Animate Skeleton
  1007 | D:2      | Found a faded altar of an unknown god.
  1223 | D:2      | Slain by an adder

Skill      XL: |  1  2 |
---------------+-------+-----
Axes           | 2 |  2.0
Fighting       | |  3.6
Throwing       | |  0.1
Armour         | |  3.4
Dodging        | |  0.1
Shields        | |  3.7

Action                   || total
-------------------------++-------
Melee: War axe           ||    67
Throw: Stone             ||     7
  Use: Scroll            ||     3
       Potion            ||     2
  Eat: Chunk             ||     1
Armor: Scale mail        ||    40
Dodge: Dodged            ||    29
Block: Shield            ||    41
